 Dungeon Crawl Stone Soup version 0.31-a0-846-gb3bcc0d938 (webtiles) character file.

Game seed: 6783724901268409345

14 lunkers the Ruffian (level 2, -3/23 HPs)
             Began as a Meteoran Shapeshifter on Oct 3, 2023.
             Slain by a worm (8 damage)
             ... on level 2 of the Dungeon.
             The game lasted 00:00:33 (494 turns).

lunkers the Ruffian (Meteoran Shapeshifter)          Turns: 494, Time: 00:00:33

Health: -3/23      AC:  2    Str: 15    XL:     2   Next: 82%
Magic:  3/3        EV: 12    Int: 11    God:
Gold:   66         SH:  0    Dex: 13    Spells: 1/1 levels left

rFire   . .          .
                       - Unarmed
rCold   . . .        (no shield)
rNeg    . . .        a - +0 animal skin
rPois   .            (helmet currently unavailable)
rElec   .            (cloak currently unavailable)
rCorr   .            (gloves currently unavailable)
SInv    .            (boots currently unavailable)
Will    .....        (no amulet)
Stlth   +            (no ring)
HPRegen 0.23/turn    (no ring)
MPRegen 0.08/turn

%: no passive effects
@: beast-form, glowing
A: beast (slay +2), sense surroundings 1, otherworldly, glowing, explore regen
a: Begin Untransformation


You were on level 2 of the Dungeon.
You were a hulking beast.
You visited 1 branch of the dungeon, and saw 2 of its levels.

You collected 66 gold pieces.

Inventory:

Armour
 a - a +0 animal skin (worn)
Talismans
 c - a beast talisman (active)
 d - a flux talisman
Scrolls
 e - 2 scrolls of identify {unknown}
 g - a scroll of teleportation {unknown}
 h - a scroll of immolation {unknown}
Potions
 b - a potion of lignification
 f - a potion of attraction {unknown}
 i - a potion of brilliance {unknown}
 j - a potion of heal wounds {unknown}
 k - a potion of cancellation {unknown}


   Skills:
 - Level 1.1 Fighting
 - Level 2.1 Dodging
 * Level 4.3 Unarmed Combat
 + Level 3.9 Shapeshifting


You had one spell level left.
You didn't know any spells.
Your spell library contained the following spells:

 Spells                   Type           Power      Damage    Failure   Level
 Ozocubu's Armour         Ice            0%         N/A       71%         3
 Metabolic Englaciation   Hex/Ice        0%         N/A       100%        5
 Simulacrum               Ice/Necr       0%         N/A       100%        6


Dungeon Overview and Level Annotations

Branches:
Dungeon (2/15) Zot: 708

Altars:


Innate Abilities, Weirdness & Mutations

You are a hulking beast.
Your limbs bulge with bestial killing power. (Slay +2)
You passively map a small area around you.
You are easily found by Zot.
You glow in the dark.
You regain HP and MP as you explore.


Message History

You hit the jackal.
The jackal is moderately wounded.
The jackal misses you. The jackal completely misses you.
You hit the jackal.
You kill the jackal!
The jackal bites you.
You punch the jackal!
You kill the jackal!
The jackal barely misses you.
You closely miss the jackal. The jackal misses you.
You closely miss the jackal. The jackal barely misses you.
You hit the jackal.
The jackal is moderately wounded.
The jackal barely misses you.
You hit the jackal. You punch the jackal.
You kill the jackal!
You closely miss the kobold. The kobold barely misses you.
You closely miss the kobold. The kobold closely misses you.
You punch the kobold!
You kill the kobold!
You barely miss the worm. You punch the worm.
The worm is lightly wounded.
You barely miss the worm.
The worm is lightly wounded.
The worm completely misses you.
You hit the worm but do no damage. You hit the worm.
The worm is lightly wounded.
The worm bites you!
* * * LOW HITPOINT WARNING * * *
You barely miss the worm.
The worm is lightly wounded.
The worm bites you.
* * * LOW HITPOINT WARNING * * *
You hit the worm.
The worm is moderately wounded.
You barely miss the worm.
The worm is moderately wounded.
The worm bites you!
You die...

#.###....#..#..####
**
.<......#....#...(.,
,
#####.##.....#..####
** *
.............#... ,
............##.## ,
###########....#,,
.* ###..# . #..# ,
., ##h# , , * * #w#
, #.......# * ,
#.......# ,,
#.......# #........
, * #.......#* *
#........ #......#.


You could see a worm.

Vanquished Creatures
  An endoplasm (D:1)
  2 hobgoblins
  4 jackals (D:2)
  2 kobolds (D:2)
  A goblin (D:2)
  2 rats (D:2)
12 creatures vanquished.

Notes
Turn   | Place    | Note
-------+----------+-------------------------------------------
     0 | D:1      | lunkers the Meteoran Shapeshifter began the quest for the
                  | Orb.
     0 | D:1      | Reached XP level 1. HP: 16/16 MP: 2/2
    52 | D:1      | Found a faded altar of an unknown god.
   349 | D:2      | Reached XP level 2. HP: 23/23 MP: 3/3
   352 | D:2      | Reached skill level 4 in Unarmed Combat
   494 | D:2      | Slain by a worm

Illustrated notes

Levels and vault maps discovered:
D:1:      tarquinn_simple_flora_water_c, layout_loops_ring,
          ebering_ecumenical_altar_abandoned
D:2:      layout_basic, chequers_decorated_corner, minmay_misc_feat_chi,
          uniq_terence

Skill      XL: |  1  2 |
---------------+-------+-----
Unarmed Combat | 4 |  4.3
Fighting       | |  1.1
Dodging        | |  2.1
Shapeshifting  | |  3.9

Action                     || total
---------------------------++-------
  Melee: Unarmed           ||    36
         Punch             ||     2
 Armour: Animal skin       ||    17
  Dodge: Dodged            ||    21

Table legend: (Time is in decaauts)
 A = Elapsed time spent in this place.
 B = Non-inter-level travel time spent in this place.
 C = Inter-level travel time spent in this place.
 D = Time resting spent in this place.
 E = Time spent auto-exploring this place.
 F = Levels seen in this place.
 G = Mean time per level.
                   A        B        C        D        E       F      G
               +--------+--------+--------+--------+--------+-----+--------+
         Total |    491 |    476 |     15 |      0 |    369 |   2 |  245.5 |
       Dungeon |    491 |    476 |     15 |      0 |    369 |   2 |  245.5 |
               +--------+--------+--------+--------+--------+-----+--------+

Top non-repeatable levels by time:
     D:1: 333 daAuts
     D:2: 157 daAuts
